 Dungeon Crawl Stone Soup version 0.32-a0-12-g7fc57aa741 (webtiles) character file.

Game seed: 2966318942938606852

3162 Ivernyr the Blocker (level 10, -10/69 (80) HPs)
             Began as a Formicid Fighter on Jan 14, 2024.
             Was a Believer of Okawaru.
             Mangled by a wight
             ... wielding a +2 halberd of freezing
              (12 damage)
             ... on level 8 of the Dungeon.
             The game lasted 00:37:00 (6204 turns).

Ivernyr the Blocker (Formicid Fighter)              Turns: 6204, Time: 00:37:01

HP:   -10/69 (80)   AC: 10    Str: 25    XL:     10   Next: 15%
MP:   12/14         EV: 12    Int:  8    God:    Okawaru [**....]
Gold: 291           SH:  7    Dex: 13    Spells: 9/9 levels left

rFire   . . .        a - +0 quarterstaff
rCold   . . .        c - +0 buckler
rNeg    . . .        b - +1 scale mail {rPois}
rPois   +            (helmet unavailable)
rElec   .            (no cloak)
rCorr   .            (no gloves)
SInv    +            (no boots)
Will    +++..        m - amulet of regeneration
Stlth   +            g - ring of willpower
HPRegen 1.11/turn    w - ring of willpower
MPRegen 0.14/turn

%: no passive effects
@: heroic, heavily drained
A: permanent stasis, dig shafts and tunnels, antennae 3, four strong arms
a: Dig, Shaft Self, Renounce Religion, Heroism


You were on level 8 of the Dungeon.
You worshipped Okawaru.
Okawaru was pleased with you.
You visited 2 branches of the dungeon, and saw 9 of its levels.
You also visited: Bailey.

You collected 324 gold pieces.
You spent 33 gold pieces at shops.

Inventory:

Hand Weapons
 a - a +0 quarterstaff (weapon)
Armour
 b - a +1 scale mail of poison resistance (worn)
 c - a +0 buckler (worn)
Jewellery
 g - a ring of willpower (left hand)
 m - an amulet of regeneration (around neck)
 w - a ring of willpower (right hand)
Wands
 p - a wand of flame (29)
 z - a wand of polymorph (3)
Scrolls
 d - a scroll of vulnerability {unknown}
 e - 6 scrolls of identify {unknown}
 f - 6 scrolls of teleportation {unknown}
 h - a scroll of acquirement {unknown}
 i - a scroll of blinking {unknown}
 l - a scroll of noise {unknown}
 n - 2 scrolls of brand weapon {unknown}
 t - a scroll of fog {unknown}
 x - a scroll of enchant weapon {unknown}
 y - a scroll of revelation {unknown}
Potions
 j - 2 potions of cancellation {unknown}
 k - 5 potions of curing
 o - 4 potions of heal wounds {unknown}
 q - 2 potions of attraction {unknown}
 r - a potion of magic {unknown}
 s - a potion of brilliance {unknown}
 u - a potion of mutation {unknown}
 v - 3 potions of lignification {unknown}


   Skills:
 + Level 7.6(12.6) Fighting
 + Level 6.5(11.5) Staves
 + Level 7.6(12.6) Armour
 + Level 9.1(14.1) Shields
 + Level 6.2 Invocations


You had 9 spell levels left.
You didn't know any spells.
Your spell library contained the following spells:

 Spells                   Type           Power      Damage    Failure   Level
 Ensorcelled Hibernation  Hex/Ice        0%         N/A       80%         2
 Fugue of the Fallen      Necr           0%         N/A       95%         3
 Sigil of Binding         Hex            0%         N/A       95%         3
 Anguish                  Hex/Necr       0%         N/A       100%        4
 Dimensional Bullseye     Hex/Tloc       0%         N/A       100%        4
 Alistair's Intoxication  Alch           0%         N/A       100%        5
 Arcjolt                  Conj/Air       0%         1d10      100%        5
 Borgnjor's Vile Clutch   Necr/Erth      0%         N/A       100%        5
 Eringya's Noxious Bog    Alch           0%         4d6       100%        6
 Plasma Beam              Fire/Air       0%         2x1d10    100%        6
 Call Canine Familiar     Summ           Unusable   N/A       N/A         3
 Summon Ice Beast         Ice/Summ       Unusable   N/A       N/A         3
 Vhi's Electric Charge    Tloc/Air       Unusable   N/A       N/A         4
 Summon Mana Viper        Hex/Summ       Unusable   N/A       N/A         5
 Monstrous Menagerie      Summ           Unusable   N/A       N/A         7

Dungeon Overview and Level Annotations

Branches:
Dungeon (8/15)             Temple (1/1) D:4          Bailey (visited)
   Lair: D:8-11

Altars:
Ashenzari
Dithmenos
Elyvilon
Fedhas
Gozag
Hepliaklqana
Makhleb
Nemelex Xobeh
Okawaru
Qazlal
Sif Muna
Trog
Vehumet
Wu Jian
Xom
Yredelemnul
Zin
The Shining One

Shops:
D:2 !   D:3 =*[

Annotations:
D:4 2 transporters, koorschki's ghost, amateur DsFi
Temple 2 transporters


Innate Abilities, Weirdness & Mutations

You cannot be hasted, slowed, berserked, paralysed or teleported.
You can dig through walls and to a lower floor.
You have a pair of large antennae on your head. (SInv)
Your four strong arms can wield two-handed weapons with a shield.


Message History

The wight is almost destroyed.
The wight barely misses you. x2
You sock the wight!
You destroy the wight!
Okawaru accepts your kill. You block the wight's attack.
The wight attacks as it pursues you!
The wight hits you from afar with a +2 halberd of freezing!
The wight freezes you.
The wight hits you with a +2 halberd of freezing!
* * * LOW HITPOINT WARNING * * *
The wight freezes you.
* * * LOW HITPOINT WARNING * * *
You closely miss the wight. The wight closely misses you.
You closely miss the wight.
The wight hits you with a +2 halberd of freezing.
* * * LOW HITPOINT WARNING * * *
You feel drained. The wight freezes you.
* * * LOW HITPOINT WARNING * * *
You gain the combat prowess of a mighty hero.
The wight hits you with a +2 halberd of freezing!
* * * LOW HITPOINT WARNING * * *
The wight freezes you.
* * * LOW HITPOINT WARNING * * *
You feel better. You block the wight's attack.
You barely miss the wight. The wight hits you but does no damage.
You thump the wight!
The wight is severely damaged.
You hit the wight but do no damage.
The wight is severely damaged.
The wight hits you with a +2 halberd of freezing!
* * * LOW HITPOINT WARNING * * *
You feel drained.
* * * LOW HITPOINT WARNING * * *
The wight freezes you.
* * * LOW HITPOINT WARNING * * *
You hit the wight.
The wight is almost destroyed.
The wight hits you with a +2 halberd of freezing!
You die...

....+ { #......# ....#
#......# ....#..
#......# ....#..
#......# ....#...
#......# ###.# #..
#......###
..#.###..#######....# ##
..#...#..zz....#....#..#
..#...#........#@...'..#
..#'###+###....#z...#..#
..........#....#$...#..#
........................
.......#####'#########+#
.......# .... .......#
###### .......# { {
.......#


You could see a wight.

Vanquished Creatures
  Duvessa (D:7)
  3 ice beasts
  A sky beast (D:5)
  6 ogres
  An orc warrior (D:7)
  A centaur (D:7)
  2 phantoms (D:6)
  A brain worm (D:5)
  2 bullfrogs (D:7)
  4 scorpions
  Dowan (D:7)
  7 wights
  A killer bee (D:7)
  3 electric eels (D:6)
  3 howler monkeys
  An orc priest (D:5)
  2 bombardier beetles (D:5)
  3 hounds
  3 jellies
  7 iguanas
  2 orc wizards
  A sleepcap (D:5)
  4 gnolls (D:7)
  8 adders
  2 ufetubi (D:6)
  2 dart slugs
  2 ribbon worms (D:2)
  19 orcs
  8 endoplasms
  3 giant cockroaches
  9 hobgoblins
  2 jackals (D:4)
  9 kobolds
  5 quokkas
  4 ball pythons
  6 bats
  A frilled lizard (D:2)
  10 goblins
  7 rats
157 creatures vanquished.

Notes
Turn   | Place    | Note
-------+----------+-------------------------------------------
     0 | D:1      | Ivernyr the Formicid Fighter began the quest for the Orb.
     0 | D:1      | Reached XP level 1. HP: 18/18 MP: 1/1
   109 | D:1      | Reached XP level 2. HP: 13/24 MP: 2/2
   577 | D:1      | Reached XP level 3. HP: 26/29 MP: 3/3
   973 | D:2      | Reached XP level 4. HP: 37/37 MP: 4/4
  1283 | D:2      | Found Xuplizak's Distillery.
  1287 | D:2      | Bought a potion of curing for 33 gold pieces
  1476 | D:3      | Found Ludoit's Assorted Antiques.
  1512 | D:3      | Found a white marble altar of Elyvilon.
  1675 | D:3      | Found Kemougyik's Jewellery Emporium.
  1790 | D:3      | Found a shimmering blue altar of Sif Muna.
  1825 | D:3      | Found a basalt altar of Yredelemnul.
  1901 | D:3      | Found Forr's Antique Armour Shop.
  2186 | D:4      | Noticed an ogre
  2191 | D:4      | Killed an ogre
  2192 | D:4      | Reached skill level 5 in Shields
  2192 | D:4      | Reached XP level 5. HP: 28/43 MP: 5/5
  2228 | D:4      | Reached XP level 6. HP: 46/49 MP: 6/6
  2321 | D:4      | Noticed an ogre
  2328 | D:4      | Killed an ogre
  2342 | D:4      | Found a staircase to the Ecumenical Temple.
  2347 | Temple   | Found a transporter.
  2347 | Temple   | Found a transporter.
  2347 | Temple   | Found a transporter.
  2347 | Temple   | Found a transporter.
  2347 | Temple   | Entered the Ecumenical Temple
  2363 | Temple   | Became a worshipper of Warmaster Okawaru
  2483 | D:4      | Reached XP level 7. HP: 34/55 MP: 7/7
  2566 | D:4      | Reached skill level 5 in Fighting
  2566 | D:4      | Reached skill level 6 in Shields
  2617 | D:4      | Noticed koorschki's ghost (amateur DsFi)
  2644 | D:4      | Found a transporter.
  2652 | D:4      | Found a transporter.
  2654 | D:4      | Found a sparkling altar of Nemelex Xobeh.
  2762 | D:4      | Reached skill level 1 in Invocations
  2954 | D:5      | Entered Level 5 of the Dungeon
  3026 | D:4      | Reached skill level 5 in Armour
  3103 | D:5      | Found a broken altar of Ashenzari.
  3260 | D:5      | Found a shimmering altar of Xom.
  3297 | D:5      | Reached * piety under Okawaru
  3298 | D:5      | Reached XP level 8. HP: 63/63 MP: 9/9
  3429 | D:5      | Found a shimmering altar of Xom.
  3429 | D:5      | Found a shimmering altar of Xom.
  3429 | D:5      | Found a shimmering altar of Xom.
  3430 | D:5      | Found a shimmering altar of Xom.
  3593 | D:5      | Reached skill level 7 in Shields
  3768 | D:6      | Reached ** piety under Okawaru
  3835 | D:6      | Reached skill level 5 in Staves
  3853 | D:6      | You fall into a shaft and drop 1 floor!
  3942 | D:7      | Reached XP level 9. HP: 45/69 MP: 8/12
  4050 | D:7      | Found a burning altar of Makhleb.
  4093 | D:7      | Found a flagged portal.
  4103 | D:7      | Reached skill level 8 in Shields
  4130 | Bailey   | Entered a bailey
  4361 | D:6      | Reached skill level 5 in Invocations
  4587 | D:6      | Found an opulent altar of Gozag.
  4724 | D:6      | Found a bloodstained altar of Trog.
  5117 | D:7      | Found a hazy altar of Hepliaklqana.
  5441 | D:7      | Found a glowing golden altar of the Shining One.
  5516 | D:7      | Noticed Duvessa
  5516 | D:7      | Noticed Dowan
  5545 | D:7      | Killed Duvessa
  5548 | D:7      | Killed Dowan
  5705 | D:7      | Reached XP level 10. HP: 59/79 MP: 14/14
  5720 | D:7      | Reached *** piety under Okawaru
  5818 | D:7      | Reached skill level 9 in Shields
  6203 | D:8      | HP: 3/69 [wight/+2 halberd of freezing (5)]
  6204 | D:8      | Mangled by a wight

Illustrated notes

Levels and vault maps discovered:
D:1:      saegor_arrival_simple_a, layout_basic, st_stairs_1
D:2:      layout_basic, serial_shops, shop_fountains
D:3:      layout_loops_ring, mainiacjoe_overflow_catwalk,
          mainiacjoe_overflow_big_doors, serial_shops, shop,
          nicolae_shop_tiny_real_fake_doors, nicolae_shop_real_fake_doors
D:4:      layout_loops_cross, mainiacjoe_overflow_surrounded_room,
          temple_doors_e, gammafunk_ghost_arena, wad_woods_river_04
D:5:      layout_rooms, xom_redecorated, mainiacjoe_overflow_tiny_flanked,
          st_stairs_7
D:6:      layout_cave_pools, nicolae_overflow_squiral
D:7:      layout_basic, old_standard_altar, tso_oasis_becter,
          makhleb_heckhound_becter, enter_bailey_7, kennysheep_dice,
          uniq_duvessa
D:8:      layout_gridville, old_standard_altar, minmay_the_grid_2x2
          [minmay_the_grid_dragon_b, minmay_the_grid_tri_star,
          minmay_the_grid_armoury, minmay_the_grid_prize_four_corners],
          uniq_pikel, uniq_maurice, uniq_grum
Temple:   hellmonk_temple_divided_pantheon

Skill      XL: |  1  2  3  4  5  6  7  8  9 10 |
---------------+-------------------------------+-----
Fighting       | 4 5 6 7 |  7.6
Armour         | 4 5 6 7 |  7.6
Staves         | 3 4 5 6 |  6.5
Shields        | 5 6 7 8 9 |  9.1
Invocations    | 2 4 5 6 |  6.2

Action                     |  1- 3 |  4- 6 |  7- 9 | 10-12 || total
---------------------------+-------+-------+-------+-------++-------
  Melee: Quarterstaff      |    88 |   132 |   391 |    76 ||   687
 Invoke: Heroism           |       |       |     3 |     1 ||     4
Ability: Shaft Self        |       |       |     1 |       ||     1
    Use: Potion            |       |     1 |       |     1 ||     2
 Armour: Scale mail        |    46 |    72 |   262 |    44 ||   424
  Dodge: Dodged            |    32 |    50 |   145 |    33 ||   260
  Block: Buckler           |    13 |    32 |   113 |    17 ||   175

Table legend: (Time is in decaauts)
 A = Elapsed time spent in this place.
 B = Non-inter-level travel time spent in this place.
 C = Inter-level travel time spent in this place.
 D = Time resting spent in this place.
 E = Time spent auto-exploring this place.
 F = Levels seen in this place.
 G = Mean time per level.
                   A        B        C        D        E       F      G
               +--------+--------+--------+--------+--------+-----+--------+
         Total |   6293 |   6120 |    173 |    733 |   3786 |  10 |  629.3 |
       Dungeon |   6226 |   6053 |    173 |    733 |   3778 |   8 |  778.2 |
        Temple |     32 |     32 |      0 |      0 |      0 |   1 |   32.0 |
        Bailey |     34 |     34 |      0 |      0 |      8 |   1 |   34.0 |
               +--------+--------+--------+--------+--------+-----+--------+

Top non-repeatable levels by time:
     D:7: 1388 daAuts
     D:6: 927 daAuts
     D:4: 887 daAuts
     D:2: 761 daAuts
     D:1: 735 daAuts
     D:3: 708 daAuts
     D:5: 629 daAuts
     D:8: 188 daAuts
  Bailey: 34 daAuts
  Temple: 32 daAuts
